MID
BOWLING GREEN HOT RODS @ HICKORY CRAWDADS
06/18/2044
 
TOP OF THE 1ST
Bowling Green Hot Rods batting - Pitching for Hickory Crawdads : RHP Dan Landry
Pitching: RHP Dan Landry
Batting: RHB Jonathan Fraire 0-0: Ball
1-0: Fly out, F3 (Popup, 3SF, EV 81.2 MPH)
Batting: LHB Jake Rheaume 0-0: Foul Ball, location: 2F
0-1: Ball
1-1: Foul Ball, location: 2F
1-2: Ball
2-2: Fly out, F8 (Line Drive, 8LD, EV 86.9 MPH)
Batting: RHB Adam Kaeser 0-0: SINGLE (Groundball, 34D, EV 96.9 MPH)
Batting: LHB Mario Ocana 0-0: Ball
1-0: SINGLE (Line Drive, 7S, EV 102.5 MPH)
Adam Kaeser to second
Batting: RHB David Ward 0-0: Swinging Strike
0-1: Ball
1-1: Swinging Strike
1-2: Foul Ball, location: 2F
1-2: Ball
2-2: Ball
3-2: Base on Balls
Adam Kaeser to third
Mario Ocana to second
Batting: LHB Jimmy Detrie 0-0: Swinging Strike
0-1: Called Strike
0-2: Strikes out swinging
Top of the 1st over - 0 runs, 2 hits, 0 errors, 3 left on base; Bowling Green 0 - Hickory 0
BOTTOM OF THE 1ST
Hickory Crawdads batting - Pitching for Bowling Green Hot Rods : RHP Greg Spaulding
Pitching: RHP Greg Spaulding
Batting: RHB Chris Powell 0-0: Ball
1-0: Ball
2-0: Foul Ball, location: 2F
2-1: Swinging Strike
2-2: Ground out 2-3 (Groundball, 2R, EV 66.9 MPH)
Batting: LHB Nick Foutz 0-0: Called Strike
0-1: DOUBLE (Line Drive, 5D, EV 102.5 MPH)
Batting: RHB Doug Hammertime 0-0: Called Strike
Nick Foutz steals 3rd base
0-1: Foul Ball, location: 2F
0-2: Ball
1-2: Ball
Passed Ball!
Nick Foutz scores
2-2: Ball
3-2: Ground out 1-3 (Groundball, 13S, EV 63.8 MPH)
Batting: RHB Bobby Larson 0-0: Swinging Strike
0-1: Foul Ball, location: 2F
0-2: Ball
1-2: DOUBLE (Flyball, 8RXD, EV 112.5 MPH)
Batting: LHB Franklin Quezada 0-0: 2-RUN HOME RUN (Flyball, 9LD, EV 97.5 MPH), Distance : 373 ft
Batting: LHB Casper Kersten 0-0: Ball
1-0: Called Strike
1-1: Called Strike
1-2: Strikes out swinging
Bottom of the 1st over - 3 runs, 3 hits, 0 errors, 0 left on base; Bowling Green 0 - Hickory 3
TOP OF THE 2ND
Bowling Green Hot Rods batting - Pitching for Hickory Crawdads : RHP Dan Landry
Batting: RHB Steve Byerly 0-0: Ball
1-0: Ground out 4-3 (Groundball, 4MD, EV 106.9 MPH)
Batting: RHB Dermott Kennelly 0-0: Called Strike
0-1: Ground out 3-1 (Groundball, 34, EV 85.0 MPH)
Batting: RHB Evan Chalarian 0-0: Called Strike
0-1: Called Strike
0-2: Foul Ball, location: 2F
0-2: Ball
1-2: Fly out, F8 (Line Drive, 8RM, EV 106.2 MPH)
Top of the 2nd over - 0 runs, 0 hits, 0 errors, 0 left on base; Bowling Green 0 - Hickory 3
BOTTOM OF THE 2ND
Hickory Crawdads batting - Pitching for Bowling Green Hot Rods : RHP Greg Spaulding
Batting: RHB Adryão Anto 0-0: Ball
1-0: Ball
2-0: Ball
3-0: Base on Balls
Batting: SHB Rich Rubio 0-0: Ball
1-0: Ball
2-0: Called Strike
2-1: Fielders Choice at 2nd, 6-4 (Groundball, 6, EV 87.5 MPH)
Batting: RHB Jose Guerrero 0-0: Ball
Rich Rubio is caught stealing 2nd base 2-4
1-0: Called Strike
1-1: Ball
2-1: Foul Ball, location: 2F
2-2: Foul Ball, location: 2F
2-2: Ball
3-2: Strikes out looking
Bottom of the 2nd over - 0 runs, 0 hits, 0 errors, 0 left on base; Bowling Green 0 - Hickory 3
TOP OF THE 3RD
Bowling Green Hot Rods batting - Pitching for Hickory Crawdads : RHP Dan Landry
Batting: RHB Jonathan Fraire 0-0: Ball
1-0: TRIPLE (Line Drive, 78XD, EV 111.9 MPH)
Batting: LHB Jake Rheaume 0-0: Called Strike
0-1: Ball
1-1: Foul Ball, location: 2F
1-2: Fly out, F8 (Flyball, 8LM, EV 87.5 MPH)
Runner from 3rd tags up, SCORES, no throw by CF
Batting: RHB Adam Kaeser 0-0: Swinging Strike
0-1: Swinging Strike
0-2: Foul Ball, location: 2F
0-2: Foul Ball, location: 2F
0-2: Ball
1-2: DOUBLE (Groundball, 5L, EV 99.4 MPH)
Batting: LHB Mario Ocana 0-0: Ball
1-0: Called Strike
1-1: Ball
2-1: Ball
3-1: Foul Ball, location: 2F
3-2: Ground out 6-3 (Groundball, 6M, EV 77.5 MPH)
Adam Kaeser to third
Batting: RHB David Ward 0-0: Called Strike
0-1: Ball
1-1: Called Strike
1-2: Foul Ball, location: 2F
1-2: Strikes out looking
Top of the 3rd over - 1 run, 2 hits, 0 errors, 1 left on base; Bowling Green 1 - Hickory 3
BOTTOM OF THE 3RD
Hickory Crawdads batting - Pitching for Bowling Green Hot Rods : RHP Greg Spaulding
Batting: RHB Chris Powell 0-0: Called Strike
0-1: Ball
1-1: Ball
2-1: SOLO HOME RUN (Flyball, 78XD, EV 103.1 MPH), Distance : 432 ft
Batting: LHB Nick Foutz 0-0: Swinging Strike
0-1: Swinging Strike
0-2: Foul Ball, location: 2F
0-2: Strikes out swinging
Batting: RHB Doug Hammertime 0-0: Foul Ball, location: 2F
0-1: Ball
1-1: Ball
2-1: Ball
3-1: Called Strike
3-2: SINGLE (Line Drive, 56D, EV 99.4 MPH)
Batting: RHB Bobby Larson 0-0: Ball
Doug Hammertime is caught stealing 2nd base 2-4
1-0: Called Strike
1-1: Foul Ball, location: 2F
1-2: SINGLE (Flyball, 8RS, EV 96.9 MPH)
Batting: LHB Franklin Quezada 0-0: Ball
1-0: Fielders Choice at 2nd, 5-4 (Groundball, 56, EV 80.6 MPH)
Bottom of the 3rd over - 1 run, 3 hits, 0 errors, 1 left on base; Bowling Green 1 - Hickory 4
TOP OF THE 4TH
Bowling Green Hot Rods batting - Pitching for Hickory Crawdads : RHP Dan Landry
Batting: LHB Jimmy Detrie 0-0: Fly out, F8 (Flyball, 8LD, EV 85.0 MPH)
Batting: RHB Steve Byerly 0-0: Swinging Strike
0-1: Ball
1-1: Ball
2-1: Ball
3-1: Ground out 4-3 (Groundball, 4, EV 91.2 MPH)
Batting: RHB Dermott Kennelly 0-0: Foul Ball, location: 2F
0-1: Ball
1-1: Fly out, F1 (Popup, 13, EV 86.9 MPH)
Top of the 4th over - 0 runs, 0 hits, 0 errors, 0 left on base; Bowling Green 1 - Hickory 4
BOTTOM OF THE 4TH
Hickory Crawdads batting - Pitching for Bowling Green Hot Rods : RHP Greg Spaulding
Batting: LHB Casper Kersten 0-0: Ball
1-0: Ball
2-0: Ball
3-0: Base on Balls
Batting: RHB Adryão Anto 0-0: Ball
Casper Kersten steals 2nd base
1-0: Ground out 4-3 (Groundball, 4, EV 97.5 MPH)
Casper Kersten to third
Batting: SHB Rich Rubio 0-0: Ball
Wild Pitch!
Casper Kersten scores
1-0: Foul Ball, location: 2F
1-1: Ball
2-1: Foul Ball, location: 2F
2-2: Foul Ball, location: 2F
2-2: Ground out U3 (Groundball, 3, EV 101.9 MPH)
Batting: RHB Jose Guerrero 0-0: Ball
1-0: Ground out 4-3 (Groundball, 4, EV 87.5 MPH)
Bottom of the 4th over - 1 run, 0 hits, 0 errors, 0 left on base; Bowling Green 1 - Hickory 5
TOP OF THE 5TH
Bowling Green Hot Rods batting - Pitching for Hickory Crawdads : RHP Dan Landry
Batting: RHB Evan Chalarian 0-0: Ball
1-0: Swinging Strike
1-1: Called Strike
1-2: Ball
2-2: Ball
3-2: Foul Ball, location: 2F
3-2: SINGLE (Groundball, 4MD, EV 108.1 MPH)
Batting: RHB Jonathan Fraire 0-0: Ball
1-0: Called Strike
1-1: Ball
2-1: Ball
3-1: Called Strike
3-2: SINGLE (Groundball, 56S, EV 65.0 MPH) (infield hit)
Evan Chalarian to second
Batting: LHB Jake Rheaume 0-0: Called Strike
0-1: Foul Ball, location: 2F
0-2: Ball
1-2: Ball
2-2: Strikes out swinging
Batting: RHB Adam Kaeser 0-0: Foul Ball, location: 2F
0-1: Hit by Pitch
Evan Chalarian to third
Jonathan Fraire to second
Batting: LHB Mario Ocana 0-0: Ball
1-0: Ball
2-0: Foul Ball, location: 2F
2-1: Grounds into double play, 4-6-3 (Groundball, 34, EV 100.0 MPH)
Top of the 5th over - 0 runs, 2 hits, 0 errors, 2 left on base; Bowling Green 1 - Hickory 5
BOTTOM OF THE 5TH
Hickory Crawdads batting - Pitching for Bowling Green Hot Rods : RHP Greg Spaulding
Pitching: RHP Suezo Nagai
Batting: RHB Chris Powell 0-0: Swinging Strike
0-1: Foul Ball, location: 2F
0-2: Ball
1-2: Ball
2-2: Strikes out looking
Batting: LHB Nick Foutz 0-0: Ball
1-0: Ball
2-0: Called Strike
2-1: Swinging Strike
2-2: Foul Ball, location: 2F
2-2: Strikes out swinging
Batting: RHB Doug Hammertime 0-0: Ball
1-0: Foul Ball, location: 2F
1-1: Ball
2-1: Foul Ball, location: 2F
2-2: Foul Ball, location: 2F
2-2: Ground out 4-3 (Groundball, 13, EV 83.8 MPH)
Bottom of the 5th over - 0 runs, 0 hits, 0 errors, 0 left on base; Bowling Green 1 - Hickory 5
TOP OF THE 6TH
Bowling Green Hot Rods batting - Pitching for Hickory Crawdads : RHP Dan Landry
Batting: RHB David Ward 0-0: Called Strike
0-1: Ball
1-1: Foul Ball, location: 2F
1-2: Ball
2-2: Foul Ball, location: 2F
2-2: SINGLE (Groundball, 56D, EV 98.1 MPH)
Batting: LHB Jimmy Detrie 0-0: Ball
1-0: Ball
Pickoff Throw by Catcher to First - Out!
2-0: Fly out, F7 (Flyball, 7S, EV 78.8 MPH)
Batting: RHB Steve Byerly 0-0: Foul Ball, location: 2F
0-1: Foul Ball, location: 2F
0-2: Foul Ball, location: 2F
0-2: Ball
1-2: Ball
2-2: Strikes out swinging
Top of the 6th over - 0 runs, 1 hit, 0 errors, 0 left on base; Bowling Green 1 - Hickory 5
BOTTOM OF THE 6TH
Hickory Crawdads batting - Pitching for Bowling Green Hot Rods : RHP Suezo Nagai
Batting: RHB Bobby Larson 0-0: Foul Ball, location: 2F
0-1: Ball
1-1: Ground out 5-3 (Groundball, 56S, EV 91.9 MPH)
Batting: LHB Franklin Quezada 0-0: SINGLE (Groundball, 4MD, EV 102.5 MPH)
Batting: LHB Casper Kersten 0-0: Called Strike
0-1: Called Strike
Franklin Quezada steals 2nd base
0-2: Ball
1-2: Ball
2-2: Ball
3-2: Ground out 4-3 (Groundball, 4, EV 78.1 MPH)
Franklin Quezada to third
Batting: RHB Adryão Anto 0-0: Ball
1-0: Ball
2-0: Ball
3-0: Base on Balls
Batting: SHB Rich Rubio 0-0: Swinging Strike
0-1: Foul Ball, location: 2F
0-2: Foul Ball, location: 2F
0-2: Ball
1-2: Ball
2-2: Ball
3-2: Foul Ball, location: 2F
3-2: Strikes out looking
Bottom of the 6th over - 0 runs, 1 hit, 0 errors, 2 left on base; Bowling Green 1 - Hickory 5
TOP OF THE 7TH
Bowling Green Hot Rods batting - Pitching for Hickory Crawdads : RHP Dan Landry
Batting: RHB Dermott Kennelly 0-0: DOUBLE (Groundball, 5L, EV 100.6 MPH)
Batting: RHB Evan Chalarian 0-0: Ball
1-0: Ball
2-0: Fly out, F1 (Line Drive, P, EV 71.9 MPH)
Batting: RHB Jonathan Fraire 0-0: Called Strike
0-1: Ground out 5-3 (Groundball, 56, EV 108.1 MPH)
Batting: LHB Jake Rheaume 0-0: Ball
1-0: Ball
2-0: Ground out U3 (Groundball, 3, EV 86.2 MPH)
Top of the 7th over - 0 runs, 1 hit, 0 errors, 1 left on base; Bowling Green 1 - Hickory 5
BOTTOM OF THE 7TH
Hickory Crawdads batting - Pitching for Bowling Green Hot Rods : RHP Suezo Nagai
Pitching: RHP Jeremy Price
Batting: RHB Jose Guerrero 0-0: Foul Ball, location: 2F
0-1: Ball
1-1: Ball
2-1: Swinging Strike
2-2: Ground out 6-3 (Groundball, 6, EV 80.0 MPH)
Batting: RHB Chris Powell 0-0: Hit by Pitch
Batting: LHB Nick Foutz 0-0: Called Strike
Chris Powell steals 2nd base
0-1: Ball
1-1: Called Strike
1-2: Ball
2-2: Ball
3-2: Strikes out swinging
Batting: RHB Doug Hammertime 0-0: Foul Ball, location: 2F
0-1: Ball
1-1: Foul Ball, location: 2F
1-2: Strikes out swinging
Bottom of the 7th over - 0 runs, 0 hits, 0 errors, 1 left on base; Bowling Green 1 - Hickory 5
TOP OF THE 8TH
Bowling Green Hot Rods batting - Pitching for Hickory Crawdads : RHP Dan Landry
Pitching: LHP Chris P. Bacon
Batting: RHB Adam Kaeser 0-0: Foul Ball, location: 2F
0-1: Fly out, F7 (Line Drive, 78S, EV 94.4 MPH)
Batting: LHB Mario Ocana 0-0: Ball
1-0: Fly out, F9 (Flyball, 9D, EV 98.1 MPH)
Batting: RHB David Ward 0-0: Called Strike
0-1: Ball
1-1: Foul Ball, location: 2F
1-2: Ball
2-2: Foul Ball, location: 2F
2-2: Ball
3-2: DOUBLE (Line Drive, 3D, EV 98.1 MPH)
Batting: LHB Jimmy Detrie 0-0: Fly out, F7 (Line Drive, 7LM, EV 96.9 MPH)
Top of the 8th over - 0 runs, 1 hit, 0 errors, 1 left on base; Bowling Green 1 - Hickory 5
BOTTOM OF THE 8TH
Hickory Crawdads batting - Pitching for Bowling Green Hot Rods : RHP Jeremy Price
Pitching: RHP Alec Bassett
Batting: RHB Bobby Larson 0-0: Swinging Strike
0-1: Ball
1-1: Ball
2-1: Ball
3-1: Foul Ball, location: 2F
3-2: Foul Ball, location: 2F
3-2: Base on Balls
Batting: LHB Franklin Quezada 0-0: Ball
1-0: Ball
2-0: Called Strike
2-1: Fielders Choice at 2nd, 4-6 (Groundball, 4, EV 104.4 MPH)
Batting: LHB Casper Kersten 0-0: Called Strike
0-1: Ball
1-1: Ball
Franklin Quezada steals 2nd base
2-1: Ground out 4-3 (Groundball, 4M, EV 86.9 MPH)
Franklin Quezada to third
Batting: RHB Adryão Anto 0-0: Ball
1-0: Ball
2-0: Ground out 4-3 (Groundball, 4, EV 98.8 MPH)
Bottom of the 8th over - 0 runs, 0 hits, 0 errors, 1 left on base; Bowling Green 1 - Hickory 5
TOP OF THE 9TH
Bowling Green Hot Rods batting - Pitching for Hickory Crawdads : LHP Chris P. Bacon
Batting: RHB Steve Byerly 0-0: Called Strike
0-1: Foul Ball, location: 2F
0-2: Ball
1-2: Ground out 2-3 (Groundball, 2L, EV 68.1 MPH)
Batting: RHB Dermott Kennelly 0-0: Ball
1-0: Called Strike
1-1: Fly out, F9 (Flyball, 9LM, EV 110.6 MPH)
Batting: RHB Evan Chalarian 0-0: Ball
1-0: SINGLE (Groundball, 6MS, EV 80.0 MPH) (infield hit)
Batting: RHB Jonathan Fraire 0-0: Called Strike
0-1: Foul Ball, location: 2F
0-2: Foul Ball, location: 2F
0-2: Ball
1-2: Ball
2-2: DOUBLE (Line Drive, 7LM, EV 110.0 MPH)
Evan Chalarian to third
Pitching: RHP Tim Riley
Batting: LHB Jake Rheaume 0-0: Ball
1-0: Ground out 1-3 (Groundball, 15S, EV 70.6 MPH)
Top of the 9th over - 0 runs, 2 hits, 0 errors, 2 left on base; Bowling Green 1 - Hickory 5
Thursday, March 31st , 2022 - OOTP Baseball 22.12 Build 89